 Dungeon Crawl Stone Soup version 0.30.0-29-ga12c61a403 (webtiles) character file.

Game seed: 12029765798412366503

101 qw the Chopper (level 4, -7/28 HPs)
             Began as a Gargoyle Fighter on June 5, 2023.
             Mangled by Sigmund
             ... wielding a +0 scythe
              (11 damage)
             ... on level 3 of the Dungeon.
             The game lasted 00:00:56 (1876 turns).

qw the Chopper (Gargoyle Fighter)                   Turns: 1876, Time: 00:00:57

Health: -7/28      AC: 11    Str: 21    XL:     4   Next: 75%
Magic:  4/4        EV:  9    Int:  9    God:
Gold:   94         SH:  4    Dex:  9    Spells: 3/3 levels left

rFire   . . .        Y - +0 war axe
rCold   . . .        c - +0 buckler
rNeg    + . .        b - +0 scale mail
rPois   inf          i - +0 helmet
rElec   +            (no cloak)
rCorr   .            (no gloves)
SInv    .            (no boots)
Will    .....        (no amulet) Stlth
                     (no ring)
HPRegen 0.24/turn    (no ring)
MPRegen 0.09/turn

%: no passive effects
@: no status effects
A: sickness immunity, AC +3, negative energy resistance 1, electricity
resistance, torment resistance 1, petrification resistance
a: no special abilities


You were on level 3 of the Dungeon.
You visited 1 branch of the dungeon, and saw 3 of its levels.

You collected 94 gold pieces.


Innate Abilities, Weirdness & Mutations

You are immune to sickness and miasma.
Your stone body is resilient. (AC +3)
You are immune to poison.
You resist negative energy. (rN+)
You are resistant to electric shocks. (rElec)
You are resistant to unholy torment.
You are immune to petrification.


   Skills:
 - Level 3.2 Fighting
 + Level 4.3 Axes
 - Level 3.2 Armour
 - Level 3.2 Shields


You had 3 spell levels left.
You didn't know any spells.
Your spell library was empty.

Inventory:

Hand Weapons
 h - a +0 flail
 Y - a +0 war axe (weapon)
Missiles
 m - 3 boomerangs (quivered)
Armour
 b - a +0 scale mail (worn)
 c - a +0 buckler (worn)
 i - a +0 helmet (worn)
Jewellery
 a - an amulet of the acrobat
Scrolls
 k - a scroll of poison {unknown}
 l - a scroll of blinking {unknown}
Potions
 d - a potion of might
 e - a potion of berserk rage {unknown}
 f - a potion of haste {unknown}
 g - a potion of heal wounds {unknown}
 j - a potion of flight {unknown}

Dungeon Overview and Level Annotations

Branches:
Dungeon (3/15)

Altars:

Annotations:
D:3 Sigmund


Message History

Enter note:
Enter note:
Enter note:
Enter note:
Enter note:
Enter note:
Enter note:
Enter note:
Enter note: Sigmund casts a spell.
Sigmund flickers and vanishes!
Deactivating autopickup; reactivate with Ctrl-A.
Enter note:
Enter note:
Enter note:
Enter note:
Enter note:
Enter note:
Enter note:
Enter note:
Enter note: You swing at nothing.
Something hits you.
You swing at nothing.
Something hits you but does no damage.
You swing at nothing.
You swing at nothing.
You hear some strange, mumbled words.
A puff of flame appears from out of thin air!
The puff of flame misses you.
You swing at nothing.
You hear some strange, mumbled words.
Something tries to affect you, but you resist.
Something hits you!
You swing at nothing.
You swing at nothing.
Something hits you!
You swing at nothing.
Something hits you!
You die...

########.###..%<.# #.#
#.....# #.# #...).# #
.#######.# #.....# #
.........# #.....# #
.........####'#'##
...........##.#.#
.######....##.#.#
#..@.##.#.# #
#....##.#.# #
....={.##.#.# #
#####...##.#.##########
# . #...##.#.....(.....
###....
#...##.############
.....# #(..##.# .#####
#...##.# ># #.#


There were no monsters in sight!

Vanquished Creatures
  Ijyb (D:3)
  A gnoll (D:1)
  An adder (D:3)
  A dart slug (D:1)
  4 bats
  7 endoplasms
  5 giant cockroaches
  6 goblins
  4 hobgoblins
  3 quokkas (D:1)
  7 ball pythons
  4 frilled lizards
  5 kobolds
  2 rats
51 creatures vanquished.

Notes
Turn   | Place    | Note
-------+----------+-------------------------------------------
     0 | D:1      | qw the Gargoyle Fighter began the quest for the Orb.
     0 | D:1      | Reached XP level 1. HP: 14/14 MP: 1/1
     0 | D:1      | 0 ||| qw: Version: 0.2-a-108-gee2c290
     0 | D:1      | 0 ||| qw: Game counter: 1416
     0 | D:1      | 0 ||| qw: Always use a shield: true
     0 | D:1      | 0 ||| qw: God list: Okawaru
     0 | D:1      | 0 ||| qw: Allow faded altars: false
     0 | D:1      | 0 ||| qw: Do Orc after D:15 true
     0 | D:1      | 0 ||| qw: Do second Lair branch before Depths: true
     0 | D:1      | 0 ||| qw: Lair rune preference: random
     0 | D:1      | 0 ||| qw: Plans: Normal, Zot:1-4, Slime:5, God:TSO, Crypt,
                  | Tomb, Abyss, Pan, Hells, Win
     0 | D:1      | 0 ||| PLANNING D:1-11
    91 | D:1      | Reached skill level 2 in Axes
   198 | D:1      | Reached XP level 2. HP: 18/19 MP: 2/2
   202 | D:1      | 202 ||| Stepping ~*~*~tactically~*~*~ (hiding).
   242 | D:1      | 242 ||| DROPPING +0 club.
   510 | D:1      | Reached skill level 3 in Axes
   510 | D:1      | 510 ||| Stepping ~*~*~tactically~*~*~ (stealth).
   530 | D:1      | Reached XP level 3. HP: 23/23 MP: 3/3
   849 | D:1      | 849 ||| UPGRADING to +0 helmet.
   854 | D:1      | 854 ||| READING 3 scrolls labelled YSOAJU ZAOXZE.
   886 | D:2      | 886 ||| STAIRDANCE
  1358 | D:3      | Noticed Ijyb
  1359 | D:3      | 1359 ||| Stepping ~*~*~tactically~*~*~ (hiding).
  1370 | D:3      | HP: 4/23 [Ijyb/puff of flame (7)]
  1371 | D:3      | 1371 ||| READING 2 scrolls of teleportation.
  1375 | D:3      | 1375 ||| READING scroll of teleportation.
  1489 | D:3      | 1489 ||| FLEEEEING.
  1490 | D:3      | 1490 ||| FLEEEEING.
  1491 | D:3      | 1491 ||| FLEEEEING.
  1492 | D:3      | 1492 ||| FLEEEEING.
  1493 | D:3      | 1493 ||| FLEEEEING.
  1494 | D:3      | 1494 ||| FLEEEEING.
  1495 | D:3      | 1495 ||| STAIRDANCE
  1512 | D:2      | 1512 ||| READING scroll labelled OREPHU SEOTS.
  1519 | D:3      | Killed Ijyb
  1520 | D:3      | Reached skill level 4 in Axes
  1520 | D:3      | Reached XP level 4. HP: 24/28 MP: 4/4
  1675 | D:3      | Noticed Sigmund
  1676 | D:3      | 1676 ||| Stepping ~*~*~tactically~*~*~ (stealth).
  1703 | D:3      | Found a faded altar of an unknown god.
  1875 | D:3      | HP: 3/28 [something (8)]
  1876 | D:3      | Mangled by Sigmund

Levels and vault maps discovered:
D:1:      kilobyte_arrival_exit_the_forest, layout_basic
D:2:      layout_rooms
D:3:      layout_basic, basic_ecumenical_altar, kennysheep_generic_room_13,
          uniq_sigmund, uniq_ijyb, uniq_crazy_yiuf_cottage

Skill      XL: |  1  2  3 |
---------------+----------+-----
Axes           | 2 3 4 |  4.3
Fighting       | |  3.2
Armour         | |  3.2
Shields        | |  3.2

Action                     |  1- 3 |  4- 6 || total
---------------------------+-------+-------++-------
  Melee: War axe           |   108 |    14 ||   122
    Use: Scroll            |     4 |       ||     4
 Armour: Scale mail        |    38 |     8 ||    46
  Dodge: Dodged            |    47 |     2 ||    49
  Block: Buckler           |    18 |     2 ||    20

Table legend:
 A = Non-vault XP
 B = Vault XP
 C = Vault XP percentage of total XP
 D = Non-vault monster count
 E = Vault monster count
 F = Vault count percentage of total count
                 A         B        C        D         E       F
            +---------+---------+-------+---------+---------+-------
      Total |     109 |      36 |  24.8 |      50 |       1 |   2.0
            +---------+---------+-------+---------+---------+-------
        D:1 |      58 |       0 |   0.0 |      26 |       0 |   0.0
        D:2 |      18 |       0 |   0.0 |      11 |       0 |   0.0
        D:3 |      33 |      36 |  52.2 |      13 |       1 |   7.1
            +---------+---------+-------+---------+---------+-------
